 Dungeon Sprint DCSS version 0.30-a0-743-gbfdf073431 (webtiles) character file.

Game seed: 11218167612895626617

1000000 BigDaddyOpFi the Spry (level 12, -31/70 HPs)
             Began as a Djinni Earth Elementalist on Feb 7, 2023.
             Annihilated by a bag of meat
             ... wielding a +9 war axe
              (46 damage)
             ... in the Dungeon (Sprint VIII: "Arena of Blood").
             The game lasted 00:00:17 (10 turns).

BigDaddyOpFi the Spry (Djinni Earth Elementalist)     Turns: 10, Time: 00:00:17

Health: -31/70     AC:  2    Str:  7    XL:     12   Next: 35%
Gold:   0          EV: 21    Int: 22    God:
                   SH:  0    Dex: 14

rFire   + + .      SeeInvis .    h - +∞ Axe of Woe
rCold   x . .      Faith    .    (shield currently unavailable)
rNeg    . . .      Spirit   .    a - +0 robe
rPois   ∞          Reflect  .    (no helmet)
rElec   .          Harm     .    (no cloak)
rCorr   .          Rampage  .    (no gloves)
Will    +....      NoTele   +    (boots unavailable)
Stlth   ++++++                   (no amulet)
HPRegen 0.31/turn                (no ring)
MPRegen 0.00/turn                (no ring)

@: flying
A: sickness immunity, fire resistance 2, cold vulnerability 1, float, innate
caster, HP casting, extra vitality 1
a: no special abilities


You were in the Dungeon.
You visited 1 branch

Inventory:

Hand Weapons
 h - the +∞ Axe of Woe (weapon)
   (You found it in the Dungeon)
Armour
 a - a +0 robe (worn)
Scrolls
 g - a scroll of blinking
Potions
 b - 3 potions of magic
 c - a potion of curing
 d - a potion of heal wounds
 e - a potion of haste
 f - a potion of berserk rage


   Skills:
 + Level 18.8 Dodging
 + Level 16.0 Stealth
 + Level 13.8 Spellcasting


You had 14 spell levels left.
You knew the following spells:

 Your Spells              Type           Power      Damage    Failure   Level
a - Sandblast             Erth           100%       2d20      0%          1
b - Passwall              Tmut/Erth      55%        N/A       1%          2
c - Stone Arrow           Conj/Erth      100%       3d13      1%          3
d - Petrify               Tmut/Erth      66%        N/A       1%          4
e - Beastly Appendage     Tmut           100%       N/A       0%          1
f - Wereblood             Tmut           66%        N/A       1%          2
g - Gell's Gravitas       Tloc           66%        N/A       1%          3
h - Summon Ice Beast      Ice/Summ       66%        N/A       1%          4
i - Anguish               Hex/Necr       33%        N/A       1%          4
Your spell library was empty.

Dungeon Overview and Level Annotations

Branches:
Dungeon (1/1)

Altars:
Makhleb


Innate Abilities, Weirdness & Mutations

You are immune to sickness and miasma.
You are immune to poison.
Your flesh is very heat resistant. (rF++)
You are vulnerable to cold. (rC-)
You float through the air rather than walking.
You learn spells naturally, not from books.
Your magical power is your life essence.
You have superior vitality. (+4 MHP)


Message History

You have reached level 2!
You have reached level 3!
Your experience leads to an increase in your attributes!
Increase (S)trength, (I)ntelligence, or (D)exterity?
You feel clever. x2
The power to cast Beastly Appendage wells up from within.
Spell assigned to 'e'.
You have reached level 4!
You feel clever.
You have reached level 5!
The power to cast Wereblood wells up from within.
Spell assigned to 'f'.
You have reached level 6!
You have reached level 7!
The power to cast Gell's Gravitas wells up from within.
Spell assigned to 'g'.
You have reached level 8!
You feel clever.
You have reached level 9!
Your experience leads to an increase in your attributes!
Increase (S)trength, (I)ntelligence, or (D)exterity?
You feel clever. x2
The power to cast Summon Ice Beast wells up from within.
Spell assigned to 'h'.
You have reached level 10!
You have reached level 11!
The power to cast Anguish wells up from within.
Spell assigned to 'i'.
You have reached level 12!
You feel agile.
Unknown command.
You hit the bag of meat.
You butcher the bag of meat messily.
You kill the bag of meat!
You hit the bag of meat. You chop the bag of meat into pieces.
You kill the bag of meat!
You hear a shout! x14
A meat berserker comes into view. It is wielding a +9 battleaxe.
The bag of meat hits you with a +9 war axe!!!
Ouch! That really hurt!
You die...

.... ... .. #..
.# . #.o ..#
..###.. ..###.
.......###......
........_.o....
#.@)..# #_o<._#
#o....#
o...._.....
......###......
.###.. ..###.
#.. ..# #.O .#
.. ..


You could see a meat berserker (berserk) and 4 bags of meat.

Vanquished Creatures
  4 orcs (D)
4 creatures vanquished.

Notes
Turn   | Place    | Note
-------+----------+-------------------------------------------
     0 | D        | Found the +∞ Axe of Woe
     0 | D        | BigDaddyOpFi the Djinni Earth Elementalist began the quest
                  | for the Orb.
     0 | D        | BigDaddyOpFi set off with the following spells memorised:
                  | Sandblast, Passwall, Stone Arrow, Petrify.
     0 | D        | Reached XP level 1. HP: 15/15 MP: 0/0
     2 | D        | Noticed a bag of meat
     2 | D        | Noticed a bag of meat
     2 | D        | Noticed a bag of meat
     3 | D        | Noticed a bag of meat
     4 | D        | Noticed a bag of meat
     4 | D        | Noticed a bag of meat
     5 | D        | Noticed a bag of meat
     6 | D        | Noticed a bag of meat
     8 | D        | Noticed a bag of meat
     9 | D        | Killed a bag of meat
     9 | D        | Killed a bag of meat
    10 | D        | Reached skill level 18 in Dodging
    10 | D        | Reached XP level 2. HP: 4/21 MP: 0/0
    10 | D        | Reached XP level 3. HP: 5/25 MP: 0/0
    10 | D        | Learned a level 1 spell: Beastly Appendage
    10 | D        | Reached XP level 4. HP: 6/31 MP: 0/0
    10 | D        | Reached XP level 5. HP: 7/35 MP: 0/0
    10 | D        | Learned a level 2 spell: Wereblood
    10 | D        | Reached XP level 6. HP: 8/40 MP: 0/0
    10 | D        | Reached XP level 7. HP: 9/45 MP: 0/0
    10 | D        | Learned a level 3 spell: Gell's Gravitas
    10 | D        | Reached XP level 8. HP: 10/50 MP: 0/0
    10 | D        | Reached XP level 9. HP: 12/55 MP: 0/0
    10 | D        | Learned a level 4 spell: Summon Ice Beast
    10 | D        | Reached XP level 10. HP: 13/60 MP: 0/0
    10 | D        | Reached XP level 11. HP: 14/65 MP: 0/0
    10 | D        | Learned a level 4 spell: Anguish
    10 | D        | Reached XP level 12. HP: 15/70 MP: 0/0
    10 | D        | Killed a bag of meat
    10 | D        | Killed a bag of meat
    10 | D        | Noticed a meat berserker
    10 | D        | Annihilated by a bag of meat

Illustrated notes

Levels and vault maps discovered:
D:        meatsprint

Skill      XL: |  1 |
---------------+----+-----
Dodging        | 18 | 18.8
Stealth        | 16 | 16.0
Spellcasting   | 13 | 13.8

Action                     |  1- 3 |  4- 6 |  7- 9 | 10-12 || total
---------------------------+-------+-------+-------+-------++-------
  Melee: Executioner's axe |     1 |       |       |     1 ||     2

Table legend: (Time is in decaauts)
 A = Elapsed time spent in this place.
 B = Non-inter-level travel time spent in this place.
 C = Inter-level travel time spent in this place.
 D = Time resting spent in this place.
 E = Time spent auto-exploring this place.
 F = Levels seen in this place.
 G = Mean time per level.
                   A        B        C        D        E       F      G
               +--------+--------+--------+--------+--------+-----+--------+
         Total |     10 |     10 |      0 |      0 |      0 |   1 |   10.0 |
       Dungeon |     10 |     10 |      0 |      0 |      0 |   1 |   10.0 |
               +--------+--------+--------+--------+--------+-----+--------+

Top non-repeatable levels by time:
       D: 10 daAuts
